 Dungeon Crawl Stone Soup version 0.30-a0-634-g8abc85282e (console) character file.

Game seed: 6788933008091552081

25 jejorda2 the Poker (level 3, 0/29 HPs)
             Began as a Merfolk Berserker on Jan 14, 2023.
             Was a Follower of Trog.
             Killed from afar by a white imp (8 damage)
             ... with a puff of frost
             ... summoned by Natasha
             ... on level 2 of the Dungeon.
             The game lasted 00:01:47 (605 turns).

jejorda2 the Poker (Merfolk Berserker)               Turns: 605, Time: 00:01:48

Health: 0/29       AC:  8    Str: 19    XL:     3   Next: 4%
Magic:  3/3        EV: 10    Int:  6    God:    Trog [*.....]
Gold:   118        SH:  0    Dex: 13    Spells: 2/2 levels left

rFire   . . .      SeeInvis .    a - +0 spear
rCold   . . .      Faith    .    (no shield)
rNeg    . . .      Spirit   .    d - +0 scale mail
rPois   .          Reflect  .    (no helmet)
rElec   .          Harm     .    f - +1 cloak
rCorr   .          Rampage  .    (no gloves)
Will    .....                    (no boots) Stlth
                                 (no amulet)
HPRegen 0.24/turn                e - ring of flight
MPRegen 0.08/turn                (no ring)

@: flying
A: (nimble swimmer 2), mertail
a: Renounce Religion, Berserk


You were on level 2 of the Dungeon.
You worshipped Trog.
Trog was aware of your devotion.
You visited 1 branch of the dungeon, and saw 2 of its levels.

You collected 118 gold pieces.

Inventory:

Hand Weapons
 a - a +0 spear (weapon)
Missiles
 j - 8 stones (quivered)
Armour
 b - a +0 animal skin
 d - a +0 scale mail (worn)
 f - a +1 cloak (worn)
Jewellery
 e - a ring of flight (left hand)
Scrolls
 h - a scroll of teleportation {unknown}
Potions
 c - a potion of attraction {unknown}
 g - a potion of brilliance {unknown}
 i - a potion of magic {unknown}
 k - a potion of degeneration {unknown}
 l - 2 potions of haste {unknown}


   Skills:
 + Level 3.6 Fighting
 * Level 4.8 Polearms
 - Level 1.3 Armour
 + Level 3.2 Dodging


You had 2 spell levels left.
You didn't know any spells.
Your spell library was empty.

Dungeon Overview and Level Annotations

Branches:
Dungeon (2/15)

Altars:

Annotations:
D:2 Natasha


Innate Abilities, Weirdness & Mutations

((You are very nimble when in or above water. (Stealth+, EV+, Speed+++)))
Your lower body shifts to a powerful aquatic tail in water.


Message History

You reach to attack!
You barely miss Natasha. Natasha casts a spell at you.
You resist with significant effort.
You reach to attack!
You closely miss Natasha.
Natasha stares at you and mumbles some strange words.
The magic dart hits you.
You reach to attack!
You closely miss Natasha. You barely miss Natasha.
The white imp gestures at you. The puff of frost misses you. Natasha claws you.
You barely miss Natasha. The white imp misses you.
You hit Natasha.
Natasha is moderately wounded.
Natasha claws you. The white imp closely misses you.
You barely miss Natasha.
Natasha is moderately wounded.
Natasha barely misses you.
The white imp hits you but does no damage.
You completely miss Natasha.
Natasha is lightly wounded.
Natasha howls an incantation.
You feel troubled. Natasha closely misses you.
The white imp completely misses you.
You hit Natasha but do no damage.
Natasha is lightly wounded.
Natasha claws you but does no damage.
You hit Natasha but do no damage.
Natasha is lightly wounded.
The white imp hits you. The white imp freezes you. Natasha claws you.
* * * LOW HITPOINT WARNING * * *
You hit Natasha.
Natasha is heavily wounded.
The white imp hits you but does no damage.
Natasha claws you but does no damage.
You hit Natasha but do no damage.
Natasha is heavily wounded.
The white imp shouts, "Scamper hence, thou reeling-ripe flap-mouthed socdollager!"
The white imp gestures at you. The puff of frost hits you!
You die...

# #. ♣♣ #.### ..♣♣
...##...♣ #... ..
#..##.# ♣
#...#.##....
#<..@h...#
..........5.......
###.#.....#....#..
#.##.##.##.... #.
... .. ...
#.#.#.#... ## # #.
.#.... #. ##..#.#


You could see Natasha and a white imp (summoned).

Vanquished Creatures
  A dart slug (D:1)
  8 endoplasms (D:1)
  2 quokkas (D:1)
  3 ball pythons (D:1)
  2 bats (D:1)
  3 kobolds (D:1)
  2 rats (D:1)
21 creatures vanquished.

Notes
Turn   | Place    | Note
-------+----------+-------------------------------------------
     0 | D:1      | jejorda2 the Merfolk Berserker began the quest for the Orb.
     0 | D:1      | Reached XP level 1. HP: 18/18 MP: 1/1
   118 | D:1      | Reached XP level 2. HP: 24/24 MP: 2/2
   417 | D:1      | Reached XP level 3. HP: 29/29 MP: 3/3
   590 | D:2      | Noticed Natasha
   605 | D:2      | Killed from afar by a white imp

Illustrated notes

Levels and vault maps discovered:
D:1:      dpeg_arrival_arbitrary_b, layout_rooms, serial_glass, glass_columns_a,
          glass_columns_c, glass_columns_b, minmay_pentomino_u2
D:2:      layout_basic, dilly_ecumenical_altar_fadedgnrine, uniq_robin,
          uniq_sigmund, uniq_jessica, uniq_natasha

Skill      XL: |  1  2 |
---------------+-------+-----
Dodging        | 3 |  3.2
Fighting       | |  3.6
Polearms       | |  4.8
Armour         | |  1.3

Action                   || total
-------------------------++-------
Melee: Spear             ||    75
 Stab: Sleeping          ||     1
Armor: Scale mail        ||    19
Dodge: Dodged            ||    22

Table legend: (Time is in decaauts)
 A = Elapsed time spent in this place.
 B = Non-inter-level travel time spent in this place.
 C = Inter-level travel time spent in this place.
 D = Time resting spent in this place.
 E = Time spent auto-exploring this place.
 F = Levels seen in this place.
 G = Mean time per level.
                   A        B        C        D        E       F      G
               +--------+--------+--------+--------+--------+-----+--------+
         Total |    595 |    573 |     22 |      0 |    419 |   2 |  297.5 |
       Dungeon |    595 |    573 |     22 |      0 |    419 |   2 |  297.5 |
               +--------+--------+--------+--------+--------+-----+--------+

Top non-repeatable levels by time:
     D:1: 582 daAuts
     D:2: 13 daAuts
